 Dungeon Crawl Stone Soup version 0.29-a0-887-gcbe080d7e0 (webtiles) character file.

Game seed: 5079574651664130228

2 porpoise the Sneak (level 1, -1/18 HPs)
             Began as a Demonspawn Delver on July 22, 2022.
             Slain by a gnoll
             ... wielding a +0 club
              (2 damage)
             ... on level 3 of the Dungeon.
             The game lasted 00:00:40 (223 turns).

porpoise the Sneak (Demonspawn Delver)               Turns: 223, Time: 00:00:41

Health: -1/18      AC:  3    Str: 12    XL:     1   Next: 25%
Magic:  1/1        EV: 11    Int: 11    God:
Gold:   7          SH:  0    Dex: 14    Spells: 0/0 levels left

rFire   . . .      SeeInvis .   a - +0 spear
rCold   . . .      Faith    .   (no shield)
rNeg    . . .      Spirit   .   b - +0 leather armour
rPois   .          Reflect  .   (no helmet)
rElec   .          Harm     .   (no cloak)
rCorr   .          Rampage  .   (no gloves)
Will    .....                   (no boots)
Stlth   ++........              (no amulet)
HPRegen 0.06/turn               (no ring)
MPRegen 0.07/turn               (no ring)

@: hasted, very quick
A: no striking features
a: no special abilities


You were on level 3 of the Dungeon.
You visited 1 branch of the dungeon, and saw 4 of its levels.

You collected 7 gold pieces.

Inventory:

Hand Weapons
 a - a +0 spear (weapon)
Missiles
 h - 4 boomerangs (quivered)
Armour
 b - a +0 leather armour (worn)
Wands
 g - a wand of digging (3)
Scrolls
 c - a scroll of fog
 d - a scroll of magic mapping
 e - a scroll of fear
 i - a scroll of noise {unknown}


   Skills:
 + Level 3.0 Fighting
 * Level 1.9 Polearms
 - Level 1.7 Dodging
 - Level 4.5 Stealth


You couldn't memorise any spells.
You didn't know any spells.
Your spell library was empty.

Dungeon Overview and Level Annotations

Branches:
Dungeon (5/15)
 Temple: D:4-7

Altars:


Message History

i - a scroll labelled GYADWA PEMAS
There is a stone staircase leading up here.
You climb upwards.
The gnoll shouts!
You hear a shout!
There is a stone staircase leading down here.
You barely miss the frilled lizard.
The frilled lizard bites you but does no damage.
Unknown command.
The frilled lizard completely misses you.
You climb downwards.
There is a stone staircase leading up here.
You hit the frilled lizard.
You kill the frilled lizard!
You start waiting.
Done waiting.
You climb upwards.
The gnoll hits you with a +0 club.
There is a stone staircase leading down, spattered with blood here.
You barely miss the gnoll. The gnoll hits you but does no damage.
You barely miss the gnoll. The gnoll closely misses you.
The gnoll completely misses you.
You barely miss the gnoll. The gnoll barely misses you.
The gnoll hits you with a +0 club.
The gnoll hits you from afar with a +0 spear.
The gnoll closely misses you.
You climb downwards.
There is a stone staircase leading up here.
You are too injured to fight recklessly!
You are too injured to fight recklessly!
You hit the gnoll.
The gnoll is lightly wounded.
The gnoll barely misses you.
You hit the gnoll.
The gnoll is heavily wounded.
The gnoll hits you but does no damage.
You closely miss the gnoll.
The gnoll is heavily wounded.
The gnoll hits you with a +0 club.
* * * LOW HITPOINT WARNING * * *
You feel yourself speed up. The gnoll hits you with a +0 club.
You die...

#. .### #.# #.
..# #.# #. #.#
#.#
#.#####.###.###
#.............#
########....#.#
#....# #.g..#
#..@.# #....#
###.## #.. ####


You could see a gnoll.

Vanquished Creatures
  An endoplasm (D:3)
  A frilled lizard (D:3)
2 creatures vanquished.

Notes
Turn   | Place    | Note
-------+----------+-------------------------------------------
     0 | D:5      | porpoise the Demonspawn Delver began the quest for the Orb.
     0 | D:5      | Reached XP level 1. HP: 18/18 MP: 1/1
   223 | D:3      | Slain by a gnoll

Illustrated notes

Levels and vault maps discovered:
D:2:      layout_basic, serial_shops, shop_scrolls, grunt_ministairs_11
D:3:      layout_basic, serial_shops, shop_fountains,
          chequers_ecumenical_altar_lobes
D:4:      layout_cave_pools, mainiacjoe_overflow_alcove_1, elyvilon_altar_3,
          mainiacjoe_overflow_small_starburst, minmay_temple_entry_mist,
          ebering_ghost_reflecting_pool, uniq_robin
D:5:      layout_basic, nicolae_overflow_crystal_walls, dancing_weapons_uskayaw,
          st_stairs_6, serial_bayou_pond_a, saegor_snake_ambush, uniq_pikel

Action                   || total
-------------------------++-------
Melee: Spear             ||    13
  Use: Potion            ||     1
 Stab: Sleeping          ||     1
Armor: Leather armour    ||     3
Dodge: Dodged            ||     7

Table legend: (Time is in decaauts)
 A = Elapsed time spent in this place.
 B = Non-inter-level travel time spent in this place.
 C = Inter-level travel time spent in this place.
 D = Time resting spent in this place.
 E = Time spent auto-exploring this place.
 F = Levels seen in this place.
 G = Mean time per level.
                   A        B        C        D        E       F      G
               +--------+--------+--------+--------+--------+-----+--------+
         Total |    224 |    224 |      0 |    173 |      0 |   4 |   56.0 |
       Dungeon |    224 |    224 |      0 |    173 |      0 |   4 |   56.0 |
               +--------+--------+--------+--------+--------+-----+--------+

Top non-repeatable levels by time:
     D:3: 202 daAuts
     D:2: 8 daAuts
     D:4: 6 daAuts
     D:5: 6 daAuts
